Map: Pylon LE

Players

lllllllllll

  • Race: Protoss Protoss
  • League: Master
  • Spawn Location: 5:00

gtCheticus - Winner!

  • Race: Zerg Zerg
  • League: Master
  • Spawn Location: 11:00

VOD

Have the link to the VOD?

Description

[not standard P]; they got there before the gate (oops) and then chaos ensued, I ended up temporarily going roach/hydra.

Time

  • Played on: Oct. 9, 2025, 8:12 p.m.
  • Length: 21:58
Show
View Real Time Build Order
Export as new Build Order

lllllllllll Protoss 

Build Orders:  

Get SALT Encoding   

  12  0:00  Probe  
  13  0:12  Probe  
  14  0:21  Pylon  
  14  0:24  Probe  
  15  0:35  Probe  
  16  0:43  Probe  
  16  0:48  Pylon  
  17  0:50  Pylon  
  17  0:55  Pylon  
  17  0:58  Probe  
  18  1:09  Forge  
  18  1:20  Pylon  
  18  1:25  Pylon  
  18  1:43  Photon Cannon  
  18  1:46  Pylon  
  18  1:47  Probe  
  19  2:02  Gateway  
  19  2:03  Probe  
  19  2:06  Pylon  
  20  2:11  Assimilator  
  20  2:19  Assimilator  
  20  2:20  Probe  
  21  2:29  Pylon, Probe  
  22  2:37  Probe  
  23  2:53  Cybernetics Core  
  23  3:04  Probe  
  23  3:06  Zealot  
  23  3:07  Pylon  
  23  3:12  Probe  
  26  3:16  Protoss Ground Weapons Level 1  
  27  3:22  Probe  
  28  3:27  Gateway  
  28  3:28  Photon Cannon  
  28  3:32  Robotics Facility  
  28  3:45  Warp Gate  
  28  3:59  Sentry  
  30  4:03  Probe  
  31  4:14  Nexus  
  31  4:15  Sentry  
  33  4:19  Warp Prism  
  35  4:31  Probe  
  36  4:35  Robotics Facility  
  36  4:43  Probe  
  37  4:48  Immortal  
  37  4:55  Probe  
  42  5:07  Probe  
  42  5:10  Pylon  
  43  5:19  Probe  
  44  5:33  Stalker x2  
  44  5:34  Observer  
  49  5:41  Probe x2  
  51  5:48  Twilight Council  
  51  5:50  Assimilator  
  51  5:52  Observer, Pylon  
  51  5:53  Probe x2  
  54  5:59  Assimilator  
  54  6:18  Probe x2  
  56  6:22  Twilight Council  
  56  6:29  Gateway  
  56  6:32  Probe x2  
  58  6:49  Probe x2  
  58  6:52  Stargate  
  60  7:20  Dark Shrine  
  60  7:27  Adept x2, Robotics Bay  
  60  7:28  Adept  
  60  7:29  Probe x2  
  68  7:41  Probe x2  
  70  7:50  Pylon  
  70  7:53  Probe x2  
  72  8:04  Pylon  
  72  8:12  Colossus  
  72  8:13  Colossus  
  72  8:19  Gravitic Drive  
  66  8:22  Nexus  
  66  8:25  Zealot x2  
  82  8:29  Charge  
  82  8:36  Shield Battery  
  82  8:42  Photon Cannon, Shield Battery  
  82  8:44  Gateway  
  81  8:52  Oracle  
  84  8:59  Pylon  
  84  9:00  Sentry  
  84  9:02  Shield Battery  
  86  9:04  Gateway  
  81  9:17  Colossus  
  87  9:27  Robotics Facility  
  87  9:34  Probe x3  
  87  9:36  Dark Templar x2  
  94  9:46  Probe  
  94  9:47  Assimilator  
  94  9:49  Assimilator, Probe x2  
  94  9:51  Photon Cannon  
  100  9:52  Oracle  
  100  9:53  Gateway  
  100  9:58  Probe  
  101  10:01  Extended Thermal Lance  
  101  10:04  Blink  
  101  10:14  Disruptor  
  101  10:18  Zealot x2  
  109  10:25  Pylon  
  109  10:43  Probe x3  
  112  10:50  Observer  
  112  10:53  Dark Templar  
  112  10:54  Dark Templar  
  117  10:59  Pylon  
  117  11:00  Photon Cannon  
  117  11:12  Archon  
  117  11:17  Oracle, Disruptor, Probe  
  125  11:29  Templar Archives, Gateway  
  125  11:43  Photon Cannon, Shield Battery  
  125  11:54  Nexus  
  125  11:58  Pylon  
  125  12:00  Pylon  
  125  12:02  Pylon  
  125  12:15  Disruptor x2  
  125  12:18  Probe x3  
  136  12:29  Zealot  
  138  12:30  Nexus, Dark Templar x4, Probe x3  
  138  12:32  Pylon  
  138  12:33  Photon Cannon  
  138  12:34  Shield Battery  
  138  12:35  Pylon  
  139  12:41  Dark Templar  
  141  12:51  Probe x2  
  141  12:53  Observer  
  141  12:54  Protoss Shields Level 1  
  141  13:14  Pylon  
  141  13:17  Pylon  
  141  13:18  Observer  
  141  13:19  Photon Cannon  
  141  13:21  Photon Cannon  
  141  13:23  Photon Cannon  
  141  13:24  Dark Templar  
  141  13:25  Photon Cannon, Dark Templar  
  137  13:27  Shield Battery  
  137  13:28  Shield Battery, Stalker x3  
  137  13:32  Probe x3  
  142  13:39  Photon Cannon  
  142  13:53  Psionic Storm  
  142  13:55  Probe x4  
  146  14:03  Photon Cannon  
  146  14:07  Probe x2  
  146  14:08  Photon Cannon  
  148  14:35  Zealot x2  
  148  14:36  Zealot x4  
  160  14:42  Protoss Ground Weapons Level 2  
  160  14:48  Fleet Beacon  
  160  14:50  Gateway  
  154  15:14  Dark Templar  
  148  15:23  Zealot x3  
  154  15:42  Colossus x2  
  134  15:44  High Templar x4  
  134  15:47  Oracle  
  135  15:50  Stargate  
  135  15:55  Probe  
  135  15:58  Probe x3  
  135  16:01  Dark Templar  
  135  16:04  Probe  
  140  16:09  Protoss Air Weapons Level 1  
  140  16:10  Probe x3  
  142  16:12  Probe  
  143  16:20  Assimilator  
  143  16:24  Probe  
  143  16:25  Assimilator, Shadow Stride  
  144  16:28  Photon Cannon  
  152  16:46  Mothership  
  118  17:02  Nexus  
  118  17:04  Pylon  
  118  17:06  Colossus  
  118  17:07  Colossus  
  130  17:10  Probe x2  
  130  17:15  Zealot x3  
  136  17:22  Probe x2  
  140  17:33  Nexus  
  140  17:34  Probe  
  140  17:36  Pylon  
  140  17:38  Pylon  
  126  17:55  Unknown  
  116  18:48  Colossus x2  
  120  18:49  Tempest x2  
  120  18:52  Zealot x4  
  120  18:55  Zealot x3  
  148  18:57  Probe x4  
  152  19:06  Gateway  
  152  19:09  Probe x3  
  128  19:35  Tempest x2  
  128  19:37  Mothership  
  144  19:49  High Templar x2  
  144  19:52  Nexus  
  146  19:53  Pylon  
  146  19:55  Pylon  
  146  19:59  Probe  
  135  20:07  Probe  
  135  20:13  Pylon  
  136  20:14  Zealot x4  
  136  20:15  Photon Cannon, Zealot x2  
  136  20:16  Photon Cannon  
  136  20:18  Shield Battery  
  140  20:37  Dark Templar x3  
  125  21:15  Dark Templar x2  
  125  21:16  Zealot x4  
  125  21:17  Zealot  
  100  21:48  Stalker  
  100  21:49  Stalker x3  
Show
View Real Time Build Order
Export as new Build Order

gtCheticus Zerg - Winner!

Build Orders: Hatch First, Roach Hydra, Swarm Host 

Get SALT Encoding   

  12  0:00  Drone  
  13  0:07  Drone  
  14  0:19  Overlord  
  14  0:37  Drone x2  
  16  0:48  Drone  
  17  0:56  Drone  
  18  1:02  Drone  
  19  1:37  Drone x3  
  22  2:00  Hatchery  
  21  2:18  Drone  
  21  2:22  Spawning Pool  
  21  2:32  Drone  
  21  2:33  Overlord  
  22  2:57  Hatchery  
  22  2:58  Hatchery  
  20  2:59  Drone x2  
  22  3:10  Evolution Chamber  
  22  3:13  Drone x3  
  25  3:21  Queen  
  25  3:24  Queen  
  29  3:27  Drone  
  29  3:30  Drone  
  29  3:34  Drone x2  
  33  3:47  Overlord  
  33  3:50  Drone  
  33  3:53  Extractor x2  
  33  3:55  Drone x2  
  34  4:07  Drone x2  
  36  4:10  Queen  
  36  4:14  Drone  
  39  4:26  Roach Warren  
  38  4:32  Drone x6  
  38  4:37  Extractor, Drone x3  
  46  4:39  Extractor, Drone  
  46  4:47  Overlord, Evolution Chamber  
  46  4:48  Lair  
  46  4:50  Drone x2  
  47  4:54  Drone x2  
  50  5:00  Drone  
  50  5:06  Drone  
  50  5:07  Drone x5  
  56  5:11  Overlord  
  56  5:20  Overlord x3  
  56  5:29  Zerg Ground Armor Level 1  
  56  5:32  Overlord  
  56  5:45  Overlord  
  56  5:46  Glial Reconstitution  
  56  5:47  Roach x6  
  68  5:53  Roach x3  
  68  5:56  Roach x2  
  78  6:04  Roach  
  78  6:05  Roach x3  
  82  6:12  Queen  
  80  6:20  Overlord  
  80  6:22  Roach  
  80  6:23  Roach x2  
  86  6:34  Hydralisk Den  
  85  6:41  Drone x8  
  85  6:44  Drone  
  94  6:56  Extractor  
  94  6:58  Extractor  
  92  7:01  Overlord  
  92  7:03  Overlord  
  92  7:04  Grooved Spines  
  92  7:06  Hydralisk  
  92  7:07  Hydralisk x2  
  98  7:17  Overlord  
  98  7:24  Hydralisk  
  98  7:25  Hydralisk x7  
  98  7:27  Overlord  
  114  7:30  Overlord  
  114  7:31  Overseer  
  114  7:33  Overlord x2  
  113  7:51  Drone x9  
  112  7:54  Muscular Augments  
  118  8:10  Drone x3  
  118  8:11  Drone x2  
  116  8:20  Drone  
  116  8:21  Zerg Missile Weapons Level 1  
  116  8:25  Evolution Chamber  
  115  8:27  Infestation Pit  
  115  8:33  Drone  
  115  8:34  Drone x2  
  116  8:35  Drone x3  
  116  8:37  Overlord  
  120  8:54  Zerg Ground Armor Level 2  
  120  9:00  Overseer  
  120  9:03  Hatchery  
  117  9:19  Overlord  
  117  9:20  Hive  
  117  9:21  Neural Parasite  
  117  9:23  Infestor x4, Burrow  
  125  9:32  Infestor  
  127  9:39  Overlord x2  
  127  9:45  Overlord  
  127  9:46  Overlord x2  
  127  9:47  Roach x10  
  127  9:51  Hatchery  
  146  9:57  Infestor  
  146  9:58  Infestor  
  150  10:01  Overseer  
  150  10:06  Roach  
  154  10:07  Roach  
  154  10:11  Spore Crawler  
  154  10:13  Spore Crawler  
  152  10:16  Spore Crawler  
  152  10:18  Spore Crawler x2, Drone x3  
  152  10:19  Spore Crawler, Drone  
  152  10:20  Drone  
  153  10:22  Zergling x2  
  154  10:29  Drone  
  154  10:30  Drone x7  
  162  10:43  Overseer  
  162  10:48  Roach x8  
  165  11:14  Overlord x2  
  165  11:15  Overseer  
  165  11:16  Overseer  
  165  11:17  Overlord  
  163  11:19  Drone  
  163  11:20  Drone x4  
  163  11:22  Spore Crawler  
  163  11:24  Spine Crawler, Drone x8  
  174  11:26  Spine Crawler, Extractor  
  174  11:27  Extractor  
  171  11:39  Zerg Missile Weapons Level 2, Zerg Ground Armor Level 3  
  170  11:49  Drone x7  
  170  11:53  Drone x3  
  180  12:06  Swarm Host x6  
  186  12:58  Spire  
  163  13:13  Overseer  
  163  13:15  Infestor x6  
  161  13:26  Swarm Host x4  
  161  13:27  Swarm Host x9  
  190  13:39  Overseer x4  
  190  13:43  Microbial Shroud  
  190  13:52  Swarm Host x3  
  199  13:58  Spine Crawler, Spore Crawler  
  199  13:59  Unknown  
  199  14:00  Spine Crawler x2  
  195  14:02  Spine Crawler  
  195  14:03  Spine Crawler  
  195  14:04  Swarm Host x2  
  195  14:05  Spine Crawler  
  195  14:08  Hatchery  
  193  14:29  Greater Spire  
  193  14:33  Zerg Melee Weapons Level 1, Zerg Missile Weapons Level 3  
  193  14:37  Ultralisk Cavern  
  190  14:42  Spine Crawler  
  190  14:45  Spine Crawler x3  
  186  14:54  Swarm Host x6  
  192  15:26  Spine Crawler  
  189  15:37  Roach x2  
  181  15:45  Infestor x2  
  181  15:46  Infestor x2  
  189  15:56  Overlord  
  185  16:23  Infestor x3  
  185  16:24  Infestor x2  
  195  16:27  Zergling x2  
  193  17:09  Corruptor  
  193  17:10  Corruptor x2  
  199  17:33  Hatchery  
  198  18:37  Extractor  
  193  18:41  Hatchery  
  193  18:46  Extractor  
  191  18:50  Nydus Network  
  191  18:52  Drone  
  191  18:53  Drone x9  
  200  18:56  Nydus Network  
  200  19:02  Nydus Network  
  198  19:08  Nydus Network  
  194  19:18  Spore Crawler  
  194  19:23  Spine Crawler  
  180  19:24  Spine Crawler  
  180  19:27  Spine Crawler  
  166  19:44  Overseer  
  166  19:45  Overseer  
  166  19:54  Hydralisk x11  
  166  19:55  Hydralisk x6  
  166  19:58  Spine Crawler  
  166  19:59  Spine Crawler x5  
  194  20:09  Nydus Canal  
  194  20:19  Nydus Canal  
  191  20:25  Nydus Canal  
  191  20:33  Nydus Canal  
  191  20:34  Nydus Canal  
  191  20:35  Nydus Canal  
  191  20:44  Nydus Canal  
  191  20:48  Nydus Canal  
  188  21:08  Nydus Canal  
  188  21:09  Nydus Canal  
  186  21:14  Nydus Canal  
Tags
 
Add a new tag
Caveats
  • Supply blocks, unpowered buildings, or Contaminate may cause inaccurate times.
  • Supply counts are checked every 10 seconds.